 Dungeon Crawl Stone Soup version 0.27-a0-1147-gb3d8e82157 (webtiles) character file.

Game seed: 843290803177139811

4104 robertstho the Thaumaturge (level 10, -1/64 HPs)
             Began as a Djinni Fire Elementalist on May 11, 2021.
             Was an Initiate of Ashenzari.
             Slain by a killer bee (9 damage)
             ... on level 8 of the Dungeon.
             The game lasted 00:15:16 (10647 turns).

robertstho the Thaumaturge (DjFE)                  Turns: 10647, Time: 00:15:16

Health: -1/64      AC:  4    Str:  7    XL:     10   Next: 26%
Gold:   370        EV: 13    Int: 26    God:    Ashenzari [......] SH:  0 Dex: 14

rFire    + + +     SeeInvis .   w - +0 hand axe (vamp)
rCold    x . .     Faith    .   (no shield)
rNeg     + . .     Spirit   .   l - +1 robe {rN+}
rPois    ∞         Reflect  .   n - +0 helmet
rElec    .         Harm     .   (no cloak)
rCorr    .         Rampage  .   (no gloves)
Will     +....                  (boots unavailable)
Stlth    +++.......             (no amulet)
HPRegen  0.20/turn              k - ring "Ensconced Together" {Int+6, Self, Evo} (curse)
MPRegen  0.00/turn              s - ring of protection from fire

@: about to teleport, flying
A: sickness immunity, fire resistance 2, cold vulnerability 1, float, innate
caster, hp casting, extra vitality 1
a: Renounce Religion, Curse Item, Shatter the Chains


You were on level 8 of the Dungeon.
You worshipped Ashenzari.
Ashenzari was noncommittal.
You visited 1 branch of the dungeon, and saw 8 of its levels.

You collected 565 gold pieces.
You spent 195 gold pieces at shops.

Inventory:

Hand Weapons
 d - a +0 short sword
 m - a +0 falchion of holy wrath
 w - a +0 vampiric hand axe (weapon)
Missiles
 u - 6 curare-tipped darts
 v - 4 throwing nets
Armour
 l - a +1 robe of positive energy (worn)
 n - a +0 helmet (worn)
Jewellery
 k - the cursed ring "Ensconced Together" (left hand) {Int+6, Self, Evo}
   (You found it on level 3 of the Dungeon)

   [ring of intelligence]

   It affects your intelligence (+6).
   It has a curse which improves the following skills: Introspection: Fighting
   and Spellcasting.
   Evocations: Evocations.
 s - a ring of protection from fire (right hand)
Wands
 a - a wand of charming (13)
 r - a wand of flame (17)
 t - a wand of iceblast (4)
Scrolls
 b - 3 scrolls of immolation
 c - 2 scrolls of teleportation
 e - a scroll of enchant armour
 g - a scroll of vulnerability
 h - a scroll of enchant weapon
 i - a scroll of magic mapping
 j - a scroll of brand weapon
 o - a scroll of fog
 p - a scroll of summoning
Potions
 f - 3 potions of mutation
 q - 4 potions of brilliance
 x - a potion of might


   Skills:
 + Level 1.5(2.0) Fighting
 + Level 4.0 Dodging
 + Level 4.8 Stealth
 + Level 11.2(11.7) Spellcasting


You had 8 spell levels left.
You knew the following spells:

 Your Spells              Type           Power      Damage    Failure   Level
a - Foxfire               Conj/Fire      100%       2x1d9     1%          1
b - Conjure Flame         Conj/Fire      66%        6-21      1%          3
c - Inner Flame           Hex/Fire       66%        N/A       1%          3
d - Sticky Flame          Conj/Fire      66%        2d8       1%          4
e - Fireball              Conj/Fire      33%        3d14      1%          5
f - Magic Dart            Conj           100%       1d8       1%          1
g - Slow                  Hex            66%        N/A       1%          2
h - Ensorcelled Hibernat  Hex/Ice        100%       N/A       1%          2
i - Ignite Poison         Fire/Tmut/Pois 66%        N/A       1%          3
Your spell library was empty.

Dungeon Overview and Level Annotations

Branches:
Dungeon (8/15)             Temple (0/1) D:7
   Lair: D:8-11

Altars:
Ashenzari
Cheibriados
Okawaru
Ru
The Shining One

Shops:
D:2 ?(?*   D:4 *   D:6 (

Annotations:
D:5 2 transporters, 1 runed translucent door, ytrimaz's ghost, novice OpBr


Innate Abilities, Weirdness & Mutations

You are immune to sickness and miasma.
You are immune to poison.
Your flesh is very heat resistant. (rF++)
You are vulnerable to cold. (rC-)
You float through the air rather than walking.
You learn spells naturally, not from books.
Your magical power is your life essence.
You have superior vitality. (+4 HP)


Message History

The fireball engulfs the killer bee!!
You kill the killer bee!
The killer bee buzzes angrily.
The centaur shoots an arrow.
The arrow hits you!
The centaur shoots an arrow.
The arrow hits you.
The centaur shoots an arrow.
The arrow misses you.
Unknown command.
Casting: Fireball (dangerous; 1% risk of failure)
Confirm with . or Enter, or press ? or * to list all spells.
Aiming: Fireball (dangerous; 1% risk of failure)
Press: ? - help, Shift-Dir - straight line The fireball explodes!
The fireball engulfs the centaur!
You kill the centaur!
The killer bee barely misses you.
Your Dodging skill increases to level 4!
Unknown command.
The killer bee barely misses you. The bullfrog hits you.
Casting: Fireball (dangerous; 1% risk of failure)
Confirm with . or Enter, or press ? or * to list all spells.
Aiming: Sticky Flame (safe; 1% risk of failure)
Press: ? - help, Shift-Dir - straight line, f - bullfrog
Aim: a bullfrog (100% to hit)
The sticky flame hits the bullfrog.
The bullfrog is moderately wounded.
The bullfrog is covered in liquid flames!
The bullfrog burns!
The bullfrog barely misses you.
The bullfrog burns!
The bullfrog hits you!
* * * LOW HITPOINT WARNING * * *
The bullfrog burns!
The orc closely misses you. The killer bee closely misses you.
As you read the scroll of teleportation, it crumbles to dust.
You feel strangely unstable.
The bullfrog burns!
You kill the bullfrog!
The killer bee stings you.
* * * LOW HITPOINT WARNING * * *
The orc hits you with a +0 falchion.
* * * LOW HITPOINT WARNING * * *
The killer bee barely misses you. The killer bee stings you!
You die...

.. .# #.## #.. ..# #....
!.. .#...# #.# ....## .#
#.##.....##. #.#........
#[[[......## #
..######@.######..#.#
........oy###...........
.#####[..c............
##...[†.#......?..#
#<.####..<........###
#.## ###...†....... #.#
#.........#.# ..#
##............ ....
......[<......


You could see a centaur, a killer bee and an orc.

Vanquished Creatures
  Harold (D:7)
  Joseph (D:7)
  Psyche (D:8)
  A hornet (D:8)
  A wraith (D:6)
  A water moccasin (D:8)
  An orc warrior (D:8)
  A necrophage (D:5)
  An ogre (D:6)
  A black bear (D:7)
  2 centaurs (D:8)
  2 phantoms
  A kobold brigand (D:7)
  3 bullfrogs
  4 scorpions
  A water moccasin zombie (D:7)
  2 water moccasin skeletons (D:4)
  4 wights (D:8)
  2 killer bees (D:8)
  4 hounds
  A jelly (D:6)
  2 centaur skeletons (D:5)
  An orc priest (D:4)
  A gnoll shaman (D:7)
  5 iguanas
  5 orc wizards
  A killer bee zombie (D:6)
  Robin (D:3)
  3 gnolls (D:7)
  5 adders
  A howler monkey skeleton (D:6)
  2 shadow imps
  A white imp (D:6)
  An ufetubus (D:4)
  2 worms (D:2)
  2 dart slugs
  13 orcs
  10 ball pythons
  5 endoplasms
  6 giant cockroaches
  6 hobgoblins
  18 jackals
  13 kobolds
  4 quokkas
  7 bats
  A frilled lizard (D:3)
  13 goblins
  3 rats (D:2)
168 creatures vanquished.

Vanquished Creatures (collateral kills)
  A foxfire (D:4)
1 creature vanquished.

Vanquished Creatures (others)
  662 foxfires
  7 plants (D:7)
669 creatures vanquished.

Grand Total: 838 creatures vanquished

Notes
Turn   | Place    | Note
-------+----------+-------------------------------------------
     0 | D:1      | robertstho the Djinni Fire Elementalist began the quest for
                  | the Orb.
     0 | D:1      | Reached XP level 1. HP: 15/15 MP: 0/0
    67 | D:1      | Reached skill level 3 in Spellcasting
    67 | D:1      | Reached XP level 2. HP: 7/21 MP: 0/0
   385 | D:1      | Found a faded altar of an unknown god.
   922 | D:2      | Reached XP level 3. HP: 21/25 MP: 0/0
   922 | D:2      | Learned a level 1 spell: Magic Dart
   964 | D:2      | Found Zoyleol's Magic Scroll Boutique.
   967 | D:2      | Found Gomahis's Weapon Shoppe.
  1675 | D:2      | Found Toerripn's Assorted Antiques.
  1802 | D:2      | Found Issuor's Magic Scroll Boutique.
  1816 | D:2      | Bought a scroll of identify for 22 gold pieces
  1816 | D:2      | Bought a scroll of magic mapping for 38 gold pieces
  2400 | D:2      | Reached XP level 4. HP: 29/31 MP: 0/0
  2607 | D:3      | Reached skill level 4 in Spellcasting
  2898 | D:3      | Noticed a phantom
  2906 | D:3      | Killed a phantom
  2907 | D:3      | Reached XP level 5. HP: 27/35 MP: 0/0
  2907 | D:3      | Learned a level 2 spell: Slow
  3303 | D:3      | Found a sacrificial altar of Ru.
  3536 | D:3      | Noticed Robin
  3550 | D:3      | Killed Robin
  4024 | D:3      | Found an iron altar of Okawaru.
  4042 | D:3      | Reached skill level 5 in Spellcasting
  4271 | D:2      | Bought a scroll of fog for 20 gold pieces
  4271 | D:2      | Bought a scroll of summoning for 95 gold pieces
  4271 | D:2      | Bought a scroll of identify for 20 gold pieces
  4313 | D:4      | Reached XP level 6. HP: 35/40 MP: 0/0
  4599 | D:4      | Found Ajaekiel's Assorted Antiques.
  4788 | D:4      | Found a glowing golden altar of the Shining One.
  4881 | D:4      | Reached skill level 6 in Spellcasting
  4881 | D:4      | Reached XP level 7. HP: 41/45 MP: 0/0
  4881 | D:4      | Learned a level 2 spell: Ensorcelled Hibernation
  5325 | D:5      | Entered Level 5 of the Dungeon
  5325 | D:5      | Found a snail-covered altar of Cheibriados.
  5371 | D:5      | Found a broken altar of Ashenzari.
  5483 | D:5      | Found a transporter.
  5487 | D:5      | Found a transporter.
  5773 | D:5      | Reached skill level 7 in Spellcasting
  6009 | D:5      | Became a worshipper of Ashenzari the Shackled
  6197 | D:5      | Reached XP level 8. HP: 45/51 MP: 0/0
  6265 | D:5      | Found a runed translucent door.
  6266 | D:5      | Noticed a two-headed ogre
  6266 | D:5      | Noticed ytrimaz's ghost (novice OpBr)
  6727 | D:6      | Noticed a wraith
  6745 | D:6      | Killed a wraith
  7015 | D:6      | Reached skill level 8 in Spellcasting
  7712 | D:6      | Reached skill level 1 in Fighting
  7888 | D:6      | Found Udamoag's Weapon Emporium.
  8058 | D:7      | Reached skill level 9 in Spellcasting
  8421 | D:7      | Reached XP level 9. HP: 45/57 MP: 0/0
  8421 | D:7      | Learned a level 3 spell: Ignite Poison
  8669 | D:7      | Noticed Harold
  8677 | D:7      | Killed Harold
  8678 | D:7      | Reached skill level 10 in Spellcasting
  9025 | D:7      | Found a staircase to the Ecumenical Temple.
  9076 | D:7      | Noticed Joseph
  9085 | D:7      | Killed Joseph
  9883 | D:8      | Noticed a hornet
 10189 | D:8      | Reached XP level 10. HP: 42/64 MP: 0/0
 10195 | D:8      | Reached skill level 11 in Spellcasting
 10502 | D:8      | Noticed Psyche
 10504 | D:8      | Killed Psyche
 10647 | D:8      | Slain by a killer bee

Illustrated notes

Levels and vault maps discovered:
D:1:      scummos_arrival_star, layout_basic, hellmonk_ecumenical_altar_run_dry
D:2:      layout_loops_cross, serial_shops, shop, shop_coins, shop,
          nicolae_shop_competitors_out_of_business
D:3:      minmay_octagon_keep, layout_loops_ring, lemuel_crystal_altar,
          okawaru_ov_weapons_minmay, corexii_corridor_pit, uniq_robin
D:4:      layout_cave_pools, nicolae_overflow_crystal_walls, serial_shops, shop
D:5:      gammafunk_wand_slinger, layout_basic, kennysheep_slug_shrine,
          evilmike_ruin_ashenzari, ebering_ghost_inner_flame,
          hangedman_abyss_or_decor_lesser_grid
D:6:      layout_loops_ring, serial_shops, shop, minmay_misc_feat_iff,
          minmay_misc_feat_four_crosses, nrook_mini_backslash
D:7:      layout_loops_ring, minmay_temple_entry_gardened_gates,
          minmay_misc_feat_chi, uniq_joseph, uniq_harold
D:8:      layout_rooms, fedhas_altar_2, onia_ninara_dug_in_and_dangerous,
          uniq_psyche

Skill      XL: |  1  2  3  4  5  6  7  8  9 10 |
---------------+-------------------------------+-----
Spellcasting   | 3 4 5 6 7 9 10 11 | 11.2
Stealth        | 2 3 4 |  4.8
Dodging        | 3 4 |  4.0
Fighting       | 1 |  1.5

Action                   |  1- 3 |  4- 6 |  7- 9 | 10-12 || total
-------------------------+-------+-------+-------+-------++-------
Melee: Short sword       |     3 |       |     1 |       ||     4
       Hand axe          |       |       |       |     1 ||     1
 Cast: Foxfire           |    99 |   137 |   174 |       ||   410
       Sticky Flame      |       |     1 |    17 |     2 ||    20
       Fireball          |       |       |    31 |     6 ||    37
       Ensorcelled Hiber |       |       |     1 |     1 ||     2
       Conjure Flame     |       |       |     1 |       ||     1
Invok: Curse Item        |       |       |     1 |       ||     1
  Use: Scroll            |     4 |     5 |       |     1 ||    10
       Potion            |       |     1 |     2 |     1 ||     4
Armor: Robe              |     4 |     6 |     8 |     1 ||    19
Dodge: Dodged            |    23 |    16 |    26 |    16 ||    81

Table legend: (Time is in decaauts)
 A = Elapsed time spent in this place.
 B = Non-inter-level travel time spent in this place.
 C = Inter-level travel time spent in this place.
 D = Time resting spent in this place.
 E = Time spent auto-exploring this place.
 F = Levels seen in this place.
 G = Mean time per level.
                   A        B        C        D        E       F      G
               +--------+--------+--------+--------+--------+-----+--------+
         Total |  10653 |  10136 |    517 |   1980 |   7073 |   8 | 1331.6 |
       Dungeon |  10653 |  10136 |    517 |   1980 |   7073 |   8 | 1331.6 |
               +--------+--------+--------+--------+--------+-----+--------+

Top non-repeatable levels by time:
     D:7: 2310 daAuts
     D:3: 1754 daAuts
     D:6: 1745 daAuts
     D:2: 1693 daAuts
     D:5: 1220 daAuts
     D:4: 1020 daAuts
     D:1: 856 daAuts
     D:8: 52 daAuts
